 Dungeon Crawl Stone Soup version 0.30.1-4-g462c640d31 (webtiles) character file.

Game seed: 854394037656142661

123 Graphine the Firebug (level 4, 0/49 HPs)
             Began as a Draconian Fire Elementalist on Aug 18, 2023.
             Slain by a gnoll bouda
             ... wielding a +0 whip
              (3 damage)
             ... on level 4 of the Dungeon.
             The game lasted 00:07:40 (3146 turns).

Graphine the Firebug (Draconian Fire Elementalist)  Turns: 3146, Time: 00:07:42

Health: 0/49       AC: 22    Str: 10    XL:     4   Next: 79%
Magic:  6/8        EV:  2    Int: 17    God:
Gold:   230        SH:  0    Dex: 12    Spells: 5/8 levels left

rFire   . . .        c - +1 club (flame)
rCold   . . .        (no shield)
rNeg    . . .        (body armour unavailable)
rPois   +            (helmet currently unavailable)
rElec   .            (cloak currently unavailable)
rCorr   .            e - melded +1 pair of gloves
SInv    .            (boots currently unavailable)
Will    .....        b - amulet of regeneration
Stlth   ++           j - ring of poison resistance
HPRegen 1.08/turn    (no ring)
MPRegen 0.11/turn

%: no passive effects
@: tree-form, weakened
A: stationary, stasis, torment immunity, boosted hp, AC +5, unfitting armour,
(cold-blooded)
a: no special abilities


You were on level 4 of the Dungeon.
You were a tree.
You visited 1 branch of the dungeon, and saw 4 of its levels.

You collected 230 gold pieces.

Inventory:

Hand Weapons
 c - a +1 club of flaming (weapon)
 g - a +0 dagger of venom
Armour
 e - a +1 pair of gloves (melded)
Jewellery
 b - an amulet of regeneration (around neck)
 j - a ring of poison resistance (left branch)
Scrolls
 i - a scroll of vulnerability
 k - 3 scrolls of identify
Potions
 f - a potion of might


   Skills:
 - Level 2.0 Dodging
 - Level 2.0 Stealth
 + Level 2.9 Spellcasting
 - Level 2.0 Conjurations
 * Level 4.4 Fire Magic


You had 5 spell levels left.
You knew the following spells:

 Your Spells              Type           Power      Damage    Failure   Level
a - Foxfire               Conj/Fire      52%        2x1d6     4%          1
b - Scorch                Fire           34%        2d6       4%          2

Your spell library contained the following spells:

 Spells                   Type           Power      Damage    Failure   Level
 Magic Dart               Conj           36%        1d4       8%          1
 Searing Ray              Conj           18%        2d5       12%         2
 Apportation              Tloc           4%         N/A       19%         1
 Inner Flame              Hex/Fire       10%        N/A       22%         3
 Volatile Blastmotes      Fire/Tloc      20%        2d11      22%         3
 Blink                    Tloc           4%         N/A       26%         2
 Lesser Beckoning         Tloc           4%         N/A       26%         2
 Flame Wave               Conj/Fire      13%        2d6       43%         4
 Gell's Gravitas          Tloc           2%         N/A       47%         3
 Teleport Other           Tloc           2%         N/A       47%         3
 Fulminant Prism          Conj/Hex       2%         3d5       75%         4
 Manifold Assault         Tloc           2%         N/A       87%         4
 Alistair's Intoxication  Tmut/Pois      1%         N/A       99%         5
 Storm Form               Tmut/Air       1%         N/A       100%        7


Dungeon Overview and Level Annotations

Branches:
Dungeon (4/15)
 Temple: D:4-7

Altars:
Kikubaaqudgha
Qazlal
Xom
The Shining One

Shops:
D:3 =


Innate Abilities, Weirdness & Mutations

You are a tree.
Your roots penetrate the ground, keeping you stationary.
You cannot be teleported.
You are immune to unholy pain and torment.
Your maximum health is greatly increased.
Your equipment is partially melded.
((Your plain brown scales are hard. (AC +5)))
You cannot fit into any form of body armour.
((You are cold-blooded and may be slowed by cold attacks.))


Message History

The gnoll is almost dead.
The foxfire hits the gnoll bouda.
The gnoll bouda is heavily wounded.
The foxfire hits the gnoll.
You kill the gnoll!
The gnoll hits you but does no damage.
The gnoll bouda gazes fiercely through you!
You feel your attacks grow feeble.
The gnoll bouda hits you but does no damage.
The gnoll hits you with a +0 whip.
The gnoll bouda hits you with a +0 whip!
* * * LOW HITPOINT WARNING * * *
The gnoll completely misses you. Magic courses through your body.
The gnoll hits you with a +0 whip.
* * * LOW HITPOINT WARNING * * *
The gnoll hits you but does no damage. The gnoll bouda barely misses you.
Casting: Foxfire (safe; 4% risk of failure)
Confirm with . or Enter, or press ? or * to list all spells.
You conjure some foxfire!
The gnoll hits you but does no damage.
The gnoll bouda hits you but does no damage.
The gnoll hits you but does no damage.
Casting: Foxfire (safe; 4% risk of failure)
Confirm with . or Enter, or press ? or * to list all spells.
You conjure some foxfire!
The foxfire hits the gnoll bouda but does no damage.
The gnoll bouda is heavily wounded.
The foxfire hits the gnoll bouda.
The gnoll bouda is severely wounded.
The gnoll hits you but does no damage.
The gnoll bouda hits you with a +0 whip.
* * * LOW HITPOINT WARNING * * *
The gnoll hits you but does no damage.
Casting: Foxfire (safe; 4% risk of failure)
Confirm with . or Enter, or press ? or * to list all spells.
You conjure some foxfire!
The foxfire hits the gnoll bouda.
The gnoll bouda is severely wounded.
The gnoll hits you with a +0 whip.
* * * LOW HITPOINT WARNING * * *
The gnoll bouda hits you with a +0 whip.
You die...

..........≈~
..###..?......~.
#.............≈.
##.............~~
...............~~
...^....§......~
.....g.v§.....~
#############..g♣v......
..............>gv.......
#############...........
#........... ##
#........... .
#........... #####
....####.... .....
.....# .### .....
#.....# #


You could see a gnoll bouda (ally target) and 2 gnolls.

Vanquished Creatures
  3 adders
  A gnoll (D:4)
  A worm (D:2)
  A dart slug (D:1)
  An orc (D:4)
  7 ball pythons
  8 endoplasms
  3 giant cockroaches
  6 goblins
  5 hobgoblins
  4 jackals (D:1)
  4 quokkas
  5 bats
  14 frilled lizards
  9 kobolds
  5 rats
77 creatures vanquished.

Vanquished Creatures (others)
  181 foxfires
181 creatures vanquished.

Grand Total: 258 creatures vanquished

Notes
Turn   | Place    | Note
-------+----------+-------------------------------------------
     0 | D:1      | Graphine the Draconian Fire Elementalist began the quest
                  | for the Orb.
     0 | D:1      | Reached XP level 1. HP: 14/14 MP: 3/3
   275 | D:1      | Reached XP level 2. HP: 20/20 MP: 1/5
  1132 | D:2      | Reached XP level 3. HP: 26/26 MP: 4/6
  1174 | D:2      | Found a stormy altar of Qazlal.
  1561 | D:2      | Learned a level 2 spell: Scorch
  1828 | D:2      | Reached XP level 4. HP: 33/33 MP: 5/7
  2307 | D:3      | Reached skill level 4 in Fire Magic
  2459 | D:3      | Identified the +0 chain mail of Fubro {rPois}
  2470 | D:3      | Found a glowing golden altar of the Shining One.
  2495 | D:3      | Found an ancient bone altar of Kikubaaqudgha.
  2714 | D:3      | Found a shimmering altar of Xom.
  2850 | D:3      | Found Banlibag's Jewellery Shop.
  3146 | D:4      | Slain by a gnoll bouda

Illustrated notes

Levels and vault maps discovered:
D:1:      psy_arrival_statuary, layout_loops_ring, serial_glass,
          glass_columns_a, glass_columns_a, glass_columns_a, glass_columns_b,
          glass_columns_a, hangedman_abyss_or_decor_lesser_grid
D:2:      minmay_angry_zag, layout_loops_cross, basic_altar, minmay_lizard_king
D:3:      layout_rooms, nicolae_overflow_crystal_walls,
          mainiacjoe_overflow_24_doors, nicolae_kikubaaqudgha_miasma_corner,
          serial_shops, nicolae_shop_gaudy_bauble,
          minmay_misc_feat_secret_circle, serial_park_tiny_2
D:4:      layout_basic, old_standard_altar, lightli_sewer_entry_pipes,
          grunt_ministairs_1, chequers_serial_rivers_small_a, uniq_natasha,
          uniq_ijyb

Skill      XL: |  1  2  3  4 |
---------------+-------------+-----
Stealth        | 2 |  2.0
Dodging        | 2 |  2.0
Conjurations   | 2 |  2.0
Fire Magic     | 4 |  4.4
Spellcasting   | |  2.9

Action                     |  1- 3 |  4- 6 || total
---------------------------+-------+-------++-------
  Melee: Unarmed           |    10 |       ||    10
         Club              |    58 |    14 ||    72
         Tailslap          |     9 |       ||     9
         Punch             |     1 |       ||     1
   Cast: Foxfire           |    60 |    50 ||   110
    Use: Scroll            |     3 |     6 ||     9
         Potion            |       |     2 ||     2
   Stab: Sleeping          |     2 |       ||     2
         Distracted        |     1 |       ||     1
 Armour: Skin              |    30 |    33 ||    63
  Dodge: Dodged            |    61 |    22 ||    83
